 Dungeon Crawl Stone Soup version 0.28.0-53-g5a82cb258f (webtiles) character file.

Game seed: 15380877441586007550

74 veljko94 the Covered (level 4, -5/40 HPs)
             Began as a Hill Orc Fighter on June 29, 2022.
             Succumbed to a goblin's poison
             ... on level 2 of the Dungeon.
             The game lasted 00:15:16 (613 turns).

veljko94 the Covered (Hill Orc Fighter)              Turns: 613, Time: 00:15:17

Health: -5/40      AC:  8    Str: 20    XL:     4   Next: 30%
Magic:  4/4        EV:  9    Int:  8    God:
Gold:   55         SH:  4    Dex: 10    Spells: 3/3 levels left

rFire   . . .      SeeInvis .   a - +0 war axe (flame)
rCold   . . .      Faith    .   c - +0 buckler
rNeg    . . .      Spirit   .   b - +0 scale mail
rPois   .          Reflect  .   (no helmet)
rElec   .          Harm     .   (no cloak)
rCorr   .          Rampage  .   j - +0 pair of gloves
Will    .....                   (no boots)
Stlth   ..........              (no amulet)
HPRegen 0.13/turn               (no ring)
MPRegen 0.09/turn               (no ring)

@: lethally poisoned (-5 -> -27)
A: no striking features
a: no special abilities


You were on level 2 of the Dungeon.
You visited 1 branch of the dungeon, and saw 2 of its levels.

You collected 55 gold pieces.

Inventory:

Hand Weapons
 a - a +0 war axe of flaming (weapon)
 h - a +0 club
 l - a +0 hand axe
Armour
 b - a +0 scale mail (worn)
 c - a +0 buckler (worn)
 f - a +0 robe
 g - a +0 ring mail
 j - a +0 pair of gloves (worn)
Scrolls
 k - a scroll of acquirement {unknown}
 m - a scroll of fear
 n - a scroll of amnesia {unknown}
Potions
 d - a potion of ambrosia {unknown}
 i - a potion of mutation {unknown}


   Skills:
 + Level 4.1 Fighting
 + Level 3.8 Axes
 + Level 4.2 Armour
 + Level 0.1 Dodging
 + Level 3.7 Shields


You had 3 spell levels left.
You didn't know any spells.
Your spell library contained the following spells:

 Spells                   Type           Power      Damage    Failure   Level
 Ensorcelled Hibernation  Hex/Ice        0%         N/A       94%         2
 Spider Form              Tmut/Pois      0%         N/A       99%         3
 Anguish                  Hex/Necr       0%         N/A       100%        4


Dungeon Overview and Level Annotations

Branches:
Dungeon (2/15)

Altars:


Message History

There is an open door here.
Key pressed, stopping travel.
As you close the door, it creaks loudly!
You open the door.
The goblin unwields a +2 dagger of venom.
It stops dripping with poison.
The goblin wields a +0 hunting sling.
The goblin shoots a stone.
The stone hits you.
* * * LOW HITPOINT WARNING * * *
The goblin shoots a stone.
The stone misses you.
There is an open door here.
The goblin shoots a stone.
The stone closely misses you.
The goblin unwields a +0 hunting sling.
The goblin wields a +2 dagger of venom.
It begins to drip with poison!
The goblin hits you but does no damage.
You are poisoned.
You barely miss the goblin.
You feel sick. You block the goblin's attack.
You hit the goblin. You burn the goblin.
The goblin is severely wounded.
You feel sick. You block the goblin's attack.
The goblin hits you but does no damage.
You are lethally poisoned!
You closely miss the goblin.
The goblin is severely wounded.
* * * LOW HITPOINT WARNING * * *
You feel very sick. You block the goblin's attack.
You barely miss the goblin.
The goblin is severely wounded.
* * * LOW HITPOINT WARNING * * *
You feel sick. The goblin hits you but does no damage.
You are more poisoned.
You barely miss the goblin.
The goblin is severely wounded.
* * * LOW HITPOINT WARNING * * *
You feel very sick. The goblin hits you but does no damage.
You are more poisoned.
The goblin barely misses you.
You slash the goblin! You burn the goblin.
You kill the goblin!
You die...

#..... #............#...
#....###............#...
#........####....##.....
#.........######.###....
#...†.......# #.# #....
#..........###...# #....
#..............### #....
......###'#)##..##.#
#.... ######
#.#@##.....# ##....
#.......##.# ......
###+###..# # ......
#..J..# ...# ......
#.....# .### ......
#....... ......
S......## ......
........# ......
....g....# #.....


There were no monsters in sight!

Vanquished Creatures
  5 adders (D:2)
  3 bats (D:1)
  An endoplasm (D:1)
  4 giant cockroaches
  2 goblins
  5 hobgoblins
  2 quokkas
  3 ball pythons (D:1)
  A frilled lizard (D:1)
  3 rats
29 creatures vanquished.

Notes
Turn   | Place    | Note
-------+----------+-------------------------------------------
     0 | D:1      | veljko94 the Hill Orc Fighter began the quest for the Orb.
     0 | D:1      | Reached XP level 1. HP: 19/19 MP: 1/1
    38 | D:2      | Reached XP level 2. HP: 19/27 MP: 2/2
   166 | D:1      | Reached XP level 3. HP: 17/33 MP: 3/3
   209 | D:1      | Found a faded altar of an unknown god.
   520 | D:2      | Reached XP level 4. HP: 13/40 MP: 4/4
   612 | D:2      | HP: 1/40 [poisoned by a goblin]
   613 | D:2      | Succumbed to a goblin's poison

Illustrated notes

Levels and vault maps discovered:
D:1:      nzn_arrival_settlement, layout_rooms,
          shapermc_ecumenical_altar_starsandcircs, minmay_misc_feat_enclosed,
          minivault_23, amcnicky_mini_rare_corridor_liquid,
          ebering_dispersal_statue_hall
D:2:      layout_basic, uniq_jessica

Skill      XL: |  1  2  3 |
---------------+----------+-----
Fighting       | 4 |  4.1
Axes           | 3 |  3.8
Armour         | 4 |  4.2
Dodging        | |  0.1
Shields        | |  3.7

Action                   |  1- 3 |  4- 6 || total
-------------------------+-------+-------++-------
Melee: War axe           |   107 |    12 ||   119
  Use: Potion            |     1 |       ||     1
       Scroll            |     1 |     2 ||     3
Armor: Scale mail        |    59 |     6 ||    65
Dodge: Dodged            |    55 |     7 ||    62
Block: Buckler           |    33 |     3 ||    36
